 Dungeon Crawl Stone Soup version 0.31-a0-145-g046c7d2549 (webtiles) character file.

Game seed: 12519346084387719158

2519 qw the Skirmisher (level 9, -2/79 HPs)
             Began as a Minotaur Hunter on June 7, 2023.
             Was a Follower of Okawaru.
             Shot themself with an arrow (7 damage)
             ... on level 8 of the Dungeon.
             The game lasted 00:02:19 (6154 turns).

qw the Skirmisher (Minotaur Hunter)                 Turns: 6154, Time: 00:02:20

Health: -2/79      AC: 10    Str: 14    XL:     9   Next: 29%
Magic:  9/11       EV: 20    Int: 10    God:    Okawaru [*.....]
Gold:   490        SH:  0    Dex: 16    Spells: 8/8 levels left

rFire   + . .        k - +7 orcbow of the Orange Skies {flame, rElec Will+ Dex-2}
rCold   . . .        (shield currently unavailable)
rNeg    . . .        e - +0 ring mail
rPois   .            (helmet restricted)
rElec   +            h - +0 cloak
rCorr   .            (no gloves)
SInv    .            b - +0 pair of boots
Will    +....        (no amulet)
Stlth   +++          l - +5 ring of evasion
HPRegen 0.33/turn    a - ring of protection from fire
MPRegen 0.12/turn

%: no passive effects
@: heroic
A: horns 2, retaliatory headbutt, clever 1
a: Renounce Religion, Heroism


You were on level 8 of the Dungeon.
You worshipped Okawaru.
Okawaru was aware of your devotion.
You visited 2 branches of the dungeon, and saw 9 of its levels.

You collected 490 gold pieces.


Innate Abilities, Weirdness & Mutations

You have a pair of horns on your head.
You reflexively headbutt those who attack you in melee.
Your mind is acute. (Int +4, Str/Dex -1)


   Skills:
 - Level 7.1(12.1) Fighting
 - Level 11.0(16.0) Ranged Weapons
 - Level 4.6(9.6) Armour
 + Level 3.7(8.7) Dodging
 - Level 0.7(5.7) Stealth
 - Level 4.0 Invocations


You had 8 spell levels left.
You didn't know any spells.
Your spell library was empty.

Inventory:

Hand Weapons
 k - the +7 orcbow of the Orange Skies (weapon) {flame, rElec Will+ Dex-2}
   (You found it on level 5 of the Dungeon)

   Dex:       It affects your dexterity (-2).
   rElec:     It insulates you from electricity.
   Will:      It increases your willpower.
Armour
 b - a +0 pair of boots (worn)
 e - a +0 ring mail (worn)
 h - a +0 cloak (worn)
Jewellery
 a - a ring of protection from fire (right hand)
 l - a +5 ring of evasion (left hand)
 Y - a ring of willpower
Wands
 g - a wand of digging (8)
Scrolls
 c - 2 scrolls of identify
Potions
 f - a potion of mutation
 i - a potion of magic
 j - a potion of curing
 m - a potion of cancellation

Dungeon Overview and Level Annotations

Branches:
Dungeon (8/15)             Temple (1/1) D:5
   Lair: D:8-11

Altars:
Ashenzari
Cheibriados
Dithmenos
Elyvilon
Fedhas
Gozag
Hepliaklqana
Kikubaaqudgha
Makhleb
Nemelex Xobeh
Okawaru
Qazlal
Ru
Sif Muna
Trog
Uskayaw
Vehumet
Wu Jian
Xom
Yredelemnul
Zin
The Shining One


Message History

The arrow misses you.
You shoot an arrow.
The centaur blocks the arrow with an invisible shield... and reflects it back!
The arrow hits you. The arrow burns you.
The centaur shoots an arrow.
The arrow hits you.
You shoot an arrow.
The centaur blocks the arrow with an invisible shield... and reflects it back!
The arrow barely misses you.
The centaur shoots an arrow.
The arrow hits you!
6147 ||| INVOKING Heroism.
You gain the combat prowess of a mighty hero.
The centaur shoots an arrow.
The arrow hits you.
The centaur shoots an arrow.
The arrow closely misses you.
You shoot an arrow.
The centaur blocks the arrow with an invisible shield... and reflects it back!
The arrow hits you! The arrow burns you.
The centaur shoots an arrow.
The arrow completely misses you.
You shoot an arrow.
The centaur blocks the arrow with an invisible shield... and reflects it back!
The arrow hits you but does no damage.
The centaur shoots an arrow.
The arrow hits you but does no damage.
You shoot an arrow.
The centaur blocks the arrow with an invisible shield... and reflects it back!
The arrow misses you.
The centaur shoots an arrow.
The arrow closely misses you.
You shoot an arrow.
The centaur blocks the arrow with an invisible shield... and reflects it back!
The arrow hits you! The arrow burns you.
The centaur shoots an arrow.
The arrow misses you.
You shoot an arrow.
The centaur blocks the arrow with an invisible shield... and reflects it back!
The arrow hits you.
You shoot an arrow.
The centaur blocks the arrow with an invisible shield... and reflects it back!
The arrow hits you! The arrow burns you.
The centaur shoots an arrow.
The arrow hits you.
You shoot an arrow.
The centaur blocks the arrow with an invisible shield... and reflects it back!
The arrow hits you!
You die...

#.##.........
#.##......... #
#.####...#... #.
#.#.......... #.#
#............ #...
##..##....... #.#c###
###.........[. #.#...#
#.#.#........#
.####.###@#
#.#.#.#.##.###
#.........# #.#.#.#.##.#
# #.......###
#.#.#.####.# #
##....#.#####.#.#.# #.#
# #..........##.#.#.#
#.# #
#.......#.###.#.#.# #.#
#
........#.#.....#.####.#
#
........#.###.###..#.#.#
# ........#.###.#
#..#.#.###


You could see a centaur (reflecting).

Vanquished Creatures
  Grinder (D:6)
  A steam dragon (D:6)
  An ice beast (D:6)
  A centaur (D:4)
  An ogre (D:6)
  A phantom (D:5)
  A kobold brigand (D:7)
  4 bullfrogs
  Blork the orc (D:4)
  A gnoll sergeant (D:5)
  3 scorpions
  4 killer bees (D:7)
  4 howler monkeys
  A gnoll bouda (D:6)
  5 orc priests (D:6)
  A sleepcap (D:7)
  A hound (D:5)
  2 jellies
  3 iguanas
  Natasha (thrice) (D:3)
  5 orc wizards
  15 gnolls
  8 adders
  A shadow imp (D:6)
  2 white imps
  2 ufetubi
  2 worms
  6 dart slugs
  14 orcs
  2 bats
  7 endoplasms
  A giant cockroach (D:4)
  3 goblins
  6 hobgoblins
  3 jackals (D:2)
  2 quokkas
  8 ball pythons
  14 kobolds
  2 rats (D:2)
143 creatures vanquished.

Vanquished Creatures (others)
  An orc (D:6)
1 creature vanquished.

Grand Total: 144 creatures vanquished

Notes
Turn   | Place    | Note
-------+----------+-------------------------------------------
     0 | D:1      | qw the Minotaur Hunter began the quest for the Orb.
     0 | D:1      | Reached XP level 1. HP: 18/18 MP: 0/0
     0 | D:1      | 0 ||| qw: Version: 0.2-a-117-gc6b5c8b
     0 | D:1      | 0 ||| qw: Game counter: 2408
     0 | D:1      | 0 ||| qw: Always use a shield: true
     0 | D:1      | 0 ||| qw: God list: Okawaru
     0 | D:1      | 0 ||| qw: Allow faded altars: false
     0 | D:1      | 0 ||| qw: Do Orc after D:15 true
     0 | D:1      | 0 ||| qw: Do second Lair branch before Depths: true
     0 | D:1      | 0 ||| qw: Lair rune preference: random
     0 | D:1      | 0 ||| qw: Plans: Normal
     0 | D:1      | 0 ||| PLANNING D:1-11
     4 | D:1      | Noticed an electric eel
     5 | D:1      | Noticed an electric eel
    53 | D:1      | 53 ||| UPGRADING to +0 ring mail.
    65 | D:1      | Reached XP level 2. HP: 14/25 MP: 1/1
   109 | D:1      | 109 ||| DROPPING +0 leather armour.
   153 | D:1      | 153 ||| UPGRADING to ring of protection from fire.
   154 | D:1      | 154 ||| READING scroll labelled VIYGRO JOKI.
   179 | D:1      | Reached skill level 1 in Armour
   238 | D:1      | Reached skill level 5 in Ranged Weapons
   766 | D:1      | 766 ||| READING scroll labelled NIRUIH ACKE.
   767 | D:1      | 767 ||| READING scroll labelled QUJEAB GEASH.
   768 | D:1      | 768 ||| READING scroll labelled YZAHOW CAJEICS.
   769 | D:1      | 769 ||| READING scroll labelled ZEBAMNI YRCHI.
   770 | D:1      | 770 ||| READING scroll labelled TEDEHI JAG IRU.
   771 | D:1      | 771 ||| READING scroll labelled UCEPSI MAE.
   772 | D:1      | 772 ||| DROPPING scroll of butterflies.
   774 | D:1      | 774 ||| Stepping ~*~*~tactically~*~*~ (cloud).
   874 | D:2      | Reached skill level 3 in Fighting
   874 | D:2      | Reached XP level 3. HP: 31/31 MP: 2/2
  1045 | D:2      | You fall into a shaft and drop 1 floor!
  1560 | D:2      | 1560 ||| UPGRADING to +0 pair of boots.
  1565 | D:2      | 1565 ||| UPGRADING to ring of willpower.
  1661 | D:3      | Noticed Natasha
  1669 | D:3      | Killed Natasha
  1670 | D:3      | Reached XP level 4. HP: 26/38 MP: 3/3
  1713 | D:3      | Noticed a scorpion
  1720 | D:3      | Killed a scorpion
  1721 | D:3      | Reached skill level 6 in Ranged Weapons
  1721 | D:3      | Reached XP level 5. HP: 45/45 MP: 4/4
  1885 | D:3      | Noticed Natasha
  1889 | D:3      | Killed Natasha
  2025 | D:3      | Noticed Natasha
  2032 | D:3      | Killed Natasha
  2409 | D:3      | 2409 ||| READING 2 scrolls labelled ORA SOBUACSE.
  2410 | D:3      | 2410 ||| DRINKING 2 metallic sapphire potions.
  2410 | D:3      | Gained mutation: Your mind is acute. (Int +4, Str/Dex -1)
                  | [potion of mutation]
  2411 | D:3      | 2411 ||| READING 2 scrolls of identify.
  2411 | D:3      | 2411 ||| IDENTIFYING bubbling ruby potion
  2412 | D:3      | 2412 ||| DROPPING scroll of vulnerability.
  2413 | D:3      | 2413 ||| DROPPING potion of brilliance.
  2445 | D:4      | Noticed Blork the orc
  2456 | D:4      | Killed Blork the orc
  2457 | D:4      | Reached skill level 7 in Ranged Weapons
  2457 | D:4      | Reached XP level 6. HP: 31/52 MP: 5/5
  2598 | D:4      | HP: 9/52 [gnoll/+0 flail (7)]
  2786 | D:4      | Found an ancient bone altar of Kikubaaqudgha.
  2786 | D:4      | Found a basalt altar of Yredelemnul.
  2792 | D:4      | Found a sacrificial altar of Ru.
  2887 | D:4      | Reached skill level 8 in Ranged Weapons
  3368 | D:4      | 3368 ||| UPGRADING to +0 cloak.
  3373 | D:4      | 3373 ||| DRINKING 2 ruby potions.
  3383 | D:4      | 3383 ||| READING 2 scrolls of identify.
  3383 | D:4      | 3383 ||| IDENTIFYING inky potion
  3384 | D:4      | 3384 ||| DROPPING potion of ambrosia.
  3385 | D:4      | 3385 ||| DROPPING potion of magic.
  3404 | D:5      | Entered Level 5 of the Dungeon
  3444 | D:5      | Reached XP level 7. HP: 57/60 MP: 6/6
  3712 | D:5      | Found a staircase to the Ecumenical Temple.
  3713 | D:5      | 3713 ||| PLANNING TEMPLE
  3713 | D:5      | 3713 ||| READING scroll labelled LAOSCH HANKEIMP.
  3714 | D:5      | 3714 ||| READING 2 scrolls of identify.
  3714 | D:5      | 3714 ||| IDENTIFYING pink potion
  3722 | Temple   | Entered the Ecumenical Temple
  3722 | Temple   | Found a transporter.
  3722 | Temple   | Found a transporter.
  3724 | Temple   | Found a transporter.
  3724 | Temple   | Found a transporter.
  3734 | Temple   | 3734 ||| PLANNING D:1-11
  3749 | Temple   | 3749 ||| PLANNING OKAWARU WORSHIP
  3756 | Temple   | Became a worshipper of Warmaster Okawaru
  3756 | Temple   | 3756 ||| PLANNING D:1-11
  3783 | D:5      | Identified the +7 orcbow of the Orange Skies {flame, rElec
                  | Will+ Dex-2}
  3785 | D:5      | 3785 ||| SWAPPING to +7 orcbow of the Orange Skies {flame,
                  | rElec Will+ Dex-2}.
  3786 | D:5      | 3786 ||| DROPPING +1 shortbow.
  3924 | D:5      | 3924 ||| Stepping ~*~*~tactically~*~*~ (outnumbered).
  3926 | D:5      | 3926 ||| Stepping ~*~*~tactically~*~*~ (outnumbered).
  3930 | D:5      | 3930 ||| Stepping ~*~*~tactically~*~*~ (outnumbered).
  3943 | D:5      | HP: 14/61 [gnoll sergeant/+0 spear (4)]
  3944 | D:5      | 3944 ||| READING scroll of teleportation.
  3946 | D:5      | Reached skill level 9 in Ranged Weapons
  4172 | D:5      | Identified the +1 sling "Wedoli" {heavy, rC+ Str+2 Int+6
                  | Dex-4}
  4354 | D:6      | 4354 ||| STAIRDANCE
  4395 | D:6      | Reached * piety under Okawaru
  4448 | D:6      | 4448 ||| INVOKING Heroism.
  4450 | D:6      | Reached skill level 6 in Fighting
  4492 | D:6      | Noticed a steam dragon
  4497 | D:6      | 4497 ||| INVOKING Heroism.
  4501 | D:6      | Killed a steam dragon
  4502 | D:6      | Reached skill level 1 in Invocations
  4502 | D:6      | Reached XP level 8. HP: 68/70 MP: 4/8
  4573 | D:6      | 4573 ||| INVOKING Heroism.
  4584 | D:6      | Reached skill level 3 in Dodging
  4768 | D:6      | 4768 ||| INVOKING Heroism.
  4780 | D:6      | Reached skill level 10 in Ranged Weapons
  4825 | D:6      | Noticed Grinder
  4826 | D:6      | 4826 ||| INVOKING Heroism.
  4830 | D:6      | Killed Grinder
  4847 | D:6      | 4847 ||| INVOKING Heroism.
  4886 | D:6      | Reached skill level 3 in Invocations
  4912 | D:6      | Found a snail-covered altar of Cheibriados.
  5072 | D:6      | 5072 ||| DRINKING 2 sapphire potions.
  5073 | D:6      | 5073 ||| READING 4 scrolls of identify.
  5073 | D:6      | 5073 ||| IDENTIFYING grey potion
  5074 | D:6      | 5074 ||| DROPPING potion of enlightenment.
  5120 | D:7      | 5120 ||| Stepping ~*~*~tactically~*~*~ (outnumbered).
  5205 | D:7      | 5205 ||| INVOKING Heroism.
  5208 | D:7      | Reached XP level 9. HP: 29/79 MP: 7/11
  5212 | D:7      | HP: 19/79 [poisoned by a killer bee]
  5216 | D:7      | 5216 ||| FLEEEEING.
  5217 | D:7      | 5217 ||| FLEEEEING.
  5217 | D:7      | HP: 15/79 [poisoned by a killer bee]
  5218 | D:7      | 5218 ||| FLEEEEING.
  5302 | D:7      | 5302 ||| FLEEEEING.
  5309 | D:7      | 5309 ||| STAIRDANCE
  5412 | D:6      | 5412 ||| DRINKING 2 viscous inky potions.
  5516 | D:6      | 5516 ||| READING 3 scrolls of identify.
  5516 | D:6      | 5516 ||| IDENTIFYING fizzy purple potion
  5517 | D:6      | 5517 ||| DROPPING potion of berserk rage.
  5518 | D:6      | 5518 ||| DROPPING potion of lignification.
  5754 | D:7      | 5754 ||| INVOKING Heroism.
  5807 | D:7      | Found a sparkling altar of Nemelex Xobeh.
  5873 | D:7      | Reached skill level 11 in Ranged Weapons
  5965 | D:7      | 5965 ||| UPGRADING to +5 ring of evasion.
  5967 | D:7      | 5967 ||| UPGRADING to ring of protection from fire.
  6147 | D:8      | 6147 ||| INVOKING Heroism.
  6153 | D:8      | HP: 12/79 [suicidal targeting (11)]
  6153 | D:8      | HP: 5/79 [centaur/arrow (4)]
  6154 | D:8      | Shot themself with an arrow

Levels and vault maps discovered:
D:1:      arrival_aquarium_b, layout_basic, minmay_misc_feat_cross,
          minmay_misc_feat_more_columns, minmay_crystal_water,
          minmay_misc_feat_chi, minmay_pentomino_q4
D:2:      layout_loops_ring
D:3:      layout_basic, uniq_natasha
D:4:      layout_cave_pools, grunt_temple_overflow_open, hangedman_decor_push,
          corexii_leaking_fountain, st_stairs_3, minmay_manual_mail,
          uniq_blork_the_orc
D:5:      layout_basic, minmay_temple_entry_grid
D:6:      minmay_general_purpose_star, layout_cave_pools, slow_altar_1,
          serial_column_ruins, column_ruins_hut_ruined, column_ruins_hut,
          column_ruins_corridor_straight, column_ruins_open_medium,
          column_ruins_grid_4, column_ruins_grid_1, uniq_grinder
D:7:      layout_gridville, mainiacjoe_overflow_cross_hatched, minmay_hedge_maze
D:8:      layout_basic, ebering_ghost_funeral_grove
Temple:   hellmonk_temple_divided_pantheon

Skill      XL: |  1  2  3  4  5  6  7  8  9 |
---------------+----------------------------+-----
Armour         | 1 2 4 |  4.6
Ranged Weapons | 5 6 7 8 9 10 11 | 11.0
Fighting       | 3 4 6 7 |  7.1
Invocations    | 1 4 |  4.0
Dodging        | 3 |  3.7
Stealth        | |  0.7

Action                     |  1- 3 |  4- 6 |  7- 9 || total
---------------------------+-------+-------+-------++-------
   Fire: Shortbow          |   102 |   137 |    13 ||   252
         Orcbow            |       |       |   172 ||   172
 Invoke: Heroism           |       |       |     9 ||     9
    Use: Scroll            |     7 |     3 |     5 ||    15
         Potion            |       |     2 |     2 ||     4
 Armour: Ring mail         |     9 |    21 |    27 ||    57
  Dodge: Dodged            |    33 |    27 |    54 ||   114

Table legend:
 A = Non-vault XP
 B = Vault XP
 C = Vault XP percentage of total XP
 D = Non-vault monster count
 E = Vault monster count
 F = Vault count percentage of total count
                 A         B        C        D         E       F
            +---------+---------+-------+---------+---------+-------
      Total |    2738 |     861 |  23.9 |     127 |      16 |  11.2
            +---------+---------+-------+---------+---------+-------
        D:1 |      25 |       4 |  13.8 |      14 |       2 |  12.5
        D:2 |      43 |       0 |   0.0 |      16 |       0 |   0.0
        D:3 |     215 |      35 |  14.0 |      11 |       1 |   8.3
        D:4 |     170 |     226 |  57.1 |      19 |       7 |  26.9
        D:5 |     366 |       0 |   0.0 |      14 |       0 |   0.0
        D:6 |     778 |     596 |  43.4 |      26 |       6 |  18.8
        D:7 |    1045 |       0 |   0.0 |      26 |       0 |   0.0
        D:8 |      96 |       0 |   0.0 |       1 |       0 |   0.0
            +---------+---------+-------+---------+---------+-------
